 Dungeon Crawl Stone Soup version 0.28.0 (webtiles) character file.

Game seed: 2974566778382273097

8224 trckry the Timeless (level 11, -4/105 HPs)
             Began as a Troll Fighter on Feb 12, 2022.
             Was a High Priest of Cheibriados.
             Slain by a red ugly thing (14 damage)
             ... on level 11 of the Dungeon.
             The game lasted 00:23:35 (8289 turns).

trckry the Timeless (Troll Fighter)                 Turns: 8289, Time: 00:23:35

Health: -4/105     AC:  5    Str: 44    XL:     11   Next: 7%
Magic:  16/16      EV: 12    Int: 18    God:    Cheibriados [*****.]
Gold:   699        SH: 11    Dex: 23    Spells: 10/10 levels left

rFire   + . .      SeeInvis .     - Unarmed
rCold   . . .      Faith    .   b - +0 kite shield
rNeg    . . .      Spirit   .   a - +0 robe
rPois   .          Reflect  .   (helmet restricted)
rElec   .          Harm     .   i - +0 cloak
rCorr   .          Rampage  .   (gloves unavailable)
Will    .....                   (boots unavailable)
Stlth   ++........              B - amulet of regeneration
HPRegen 1.87/turn               y - ring of protection from fire
MPRegen 0.15/turn               (no ring)

@: very slow
A: large, unfitting armour, claws 3, regeneration 1, shaggy fur 1, tough skin 1
a: Renounce Religion, Bend Time, Temporal Distortion, Slouch, Step From Time


You were on level 11 of the Dungeon.
You worshipped Cheibriados.
Cheibriados was extremely pleased with you.
You visited 1 branch of the dungeon, and saw 11 of its levels.
You also visited: Ossuary.

You collected 699 gold pieces.

Inventory:

Hand Weapons
 M - a +0 hand crossbow
Missiles
 d - 6 curare-tipped darts (quivered)
 p - 36 poisoned darts
 s - 5 javelins
 F - 6 silver javelins
 J - a throwing net
 N - 39 bolts
Armour
 a - a +0 robe (worn)
 b - a +0 kite shield (worn)
 i - a +0 cloak (worn)
Jewellery
 y - a ring of protection from fire (left claw)
 B - an amulet of regeneration (around neck)
 D - a ring of wizardry
Wands
 v - a wand of digging (3)
 H - a wand of polymorph (13)
 L - a wand of iceblast (5)
Scrolls
 g - 2 scrolls of enchant weapon {unknown}
 m - 11 scrolls of identify {unknown}
 n - 2 scrolls of vulnerability {unknown}
 o - 2 scrolls of brand weapon {unknown}
 q - 3 scrolls of fog {unknown}
 t - a scroll of enchant armour {unknown}
 w - 2 scrolls of fear {unknown}
 z - a scroll of silence {unknown}
 A - 4 scrolls of teleportation {unknown}
 E - a scroll of noise {unknown}
 G - a scroll of immolation {unknown}
 K - a scroll of amnesia {unknown}
 P - 3 scrolls of holy word {unknown}
Potions
 c - 5 potions of might
 e - 5 potions of curing {unknown}
 f - 5 potions of degeneration {unknown}
 h - 2 potions of invisibility {unknown}
 j - 3 potions of brilliance {unknown}
 k - 5 potions of attraction {unknown}
 l - a potion of heal wounds {unknown}
 r - 2 potions of flight {unknown}
 u - 2 potions of resistance {unknown}
 x - 2 potions of mutation {unknown}
 C - 2 potions of haste {unknown}
 I - 2 potions of ambrosia {unknown}
 O - a potion of magic {unknown}
 Q - a potion of berserk rage {unknown}


   Skills:
 + Level 6.0 Fighting
 + Level 5.2 Armour
 - Level 5.0 Dodging
 + Level 6.1 Shields
 + Level 7.1 Unarmed Combat
 * Level 8.0 Invocations
 + Level 2.5 Evocations


You had 10 spell levels left.
You didn't know any spells.
Your spell library contained the following spells:

 Spells                   Type           Power      Damage    Failure   Level
 Foxfire                  Conj/Fire      0%         2x1d4     43%         1
 Blink                    Tloc           0%         N/A       56%         2
 Conjure Flame            Conj/Fire      0%         6-21      80%         3
 Dazzling Flash           Conj/Hex       0%         N/A       80%         3
 Inner Flame              Hex/Fire       0%         N/A       80%         3
 Ozocubu's Armour         Ice            0%         N/A       80%         3
 Airstrike                Air            0%         N/A       99%         4
 Flame Wave               Conj/Fire      0%         2d4       99%         4
 Summon Lightning Spire   Summ/Air       0%         N/A       99%         4
 Agony                    Necr           0%         N/A       100%        5
 Lightning Bolt           Conj/Air       0%         1d11      100%        5
 Manifold Assault         Tloc           0%         N/A       100%        5
 Metabolic Englaciation   Hex/Ice        0%         N/A       100%        5
 Silence                  Hex/Air        0%         N/A       100%        5
 Simulacrum               Ice/Necr       0%         N/A       100%        6
 Storm Form               Tmut/Air       0%         N/A       100%        7


Dungeon Overview and Level Annotations

Branches:
Dungeon (11/15)            Temple (0/1) D:5            Lair (0/6) D:11
Ossuary (visited)
    Orc: D:9-12

Altars:
Cheibriados
Dithmenos
Fedhas
Hepliaklqana
Kikubaaqudgha
Nemelex Xobeh
Okawaru
Qazlal
Ru
Uskayaw
Beogh


Innate Abilities, Weirdness & Mutations

You are too large for most types of armour.
You have claws for hands.
Your natural rate of healing is unusually fast.
You are covered in fur. (AC +1)
You have tough skin. (AC +1)


Message History

Okay, then.
Unknown command.
Unknown command.
Aiming: Iceblast
Press: ? - help, Shift-Dir - straight line
Okay, then.
Unknown command.
Throw: 7 darts (curare)
Press: ? - help, Q - select action, (/) - cycle Shift-Dir - straight line, f - red ugly thing
Aim: a red ugly thing (66% to hit)
You throw a curare-tipped dart.
The curare-tipped dart barely misses the red ugly thing.
You block the vampire mosquito's attack.
The vampire mosquito bites you.
* * * LOW HITPOINT WARNING * * *
The vampire mosquito draws strength from your injuries!
You block the vampire mosquito's attack.
The vampire mosquito bites you!
* * * LOW HITPOINT WARNING * * *
The vampire mosquito draws strength from your injuries!
Aiming: Dig
Press: ? - help, Shift-Dir - straight line, p - red ugly thing A rock wall.
The rock shatters into small pieces.
You block the vampire mosquito's attack.
The vampire mosquito closely misses you.
The red ugly thing stings you.
* * * LOW HITPOINT WARNING * * *
You are engulfed in flames!
You resist.
* * * LOW HITPOINT WARNING * * *
The vampire mosquito closely misses you.
The vampire mosquito bites you but does no damage.
The vampire mosquito closely misses you.
You block the vampire mosquito's attack.
The vampire mosquito bites you but does no damage.
The vampire mosquito bites you.
* * * LOW HITPOINT WARNING * * *
The vampire mosquito draws strength from your injuries!
The red ugly thing stings you!
You die...

.#..... ..
....u..### #..
#.....## ##....
##.....##..........#
###...............#
##†...........(.#
#.y............#
#u.............#
#@y...........#
#.#............#
#.###...........#
#.# #...........####
..# ##.<.....#......
... ##.....##..####
... ##..####..# .l
#### #..## ##.##


You could see a red ugly thing, a wyvern (wandering) and 2 vampire mosquitoes.

Vanquished Creatures
  A two-headed ogre (D:8)
  A hornet (D:10)
  15 yaks
  A wraith (D:10)
  A vampire (D:9)
  2 wyverns (D:11)
  A vampire mosquito (D:11)
  2 steam dragons (D:7)
  An acid dragon (D:11)
  2 water moccasins (D:11)
  4 orc warriors
  A hornet zombie (D:9)
  A sky beast (D:5)
  An ice beast (D:7)
  2 necrophages
  3 ogres
  7 centaurs
  3 kobold brigands
  A gnoll sergeant (D:8)
  3 bullfrogs
  4 water moccasin zombies (Ossuary)
  2 scorpions
  A wyvern zombie (D:6)
  3 killer bees (D:9)
  5 wights (D:7)
  5 howler monkeys
  A centaur zombie (D:10)
  A jelly (D:6)
  3 hounds
  2 orc priests (D:9)
  Crazy Yiuf (D:2)
  A centaur skeleton (D:6)
  3 iguanas
  8 orc wizards
  Natasha (twice) (D:4)
  A killer bee zombie (D:7)
  The ghost of cbfl8 the Sneak, a weakling MiDe (D:5)
  A hound skeleton (D:5)
  2 howler monkey zombies
  2 mummies (Ossuary)
  8 adders
  7 gnolls (D:8)
  6 white imps
  5 adder zombies (Ossuary)
  An adder skeleton (D:4)
  A worm (D:2)
  2 dart slugs (D:2)
  35 orcs
  8 ball pythons
  9 endoplasms
  5 giant cockroaches
  2 hobgoblins
  8 jackals
  3 quokkas
  8 bats
  4 frilled lizards
  2 gnoll zombies (Ossuary)
  9 goblins
  8 hobgoblin zombies (Ossuary)
  20 kobolds
  6 kobold zombies (Ossuary)
  An orc zombie (Ossuary)
  3 rats
263 creatures vanquished.

Vanquished Creatures (others)
  42 fungi
  9 plants
51 creatures vanquished.

Grand Total: 314 creatures vanquished

Notes
Turn   | Place    | Note
-------+----------+-------------------------------------------
     0 | D:1      | trckry the Troll Fighter began the quest for the Orb.
     0 | D:1      | Reached XP level 1. HP: 22/22 MP: 0/0
   127 | D:1      | Reached XP level 2. HP: 29/29 MP: 1/1
   268 | D:1      | Reached XP level 3. HP: 24/36 MP: 2/2
   594 | D:2      | Found a faded altar of an unknown god.
   618 | D:2      | Prayed at the altar of an unknown god.
   618 | D:2      | Became a worshipper of Cheibriados the Contemplative
   618 | D:2      | Reached * piety under Cheibriados
   825 | D:2      | Reached skill level 1 in Armour
   825 | D:2      | Reached XP level 4. HP: 44/44 MP: 3/3
  1278 | D:2      | Reached ** piety under Cheibriados
  1459 | D:2      | Found a runed translucent door.
  1460 | D:2      | Noticed Crazy Yiuf
  1468 | D:2      | Killed Crazy Yiuf
  1629 | D:3      | Reached XP level 5. HP: 46/53 MP: 4/4
  1790 | D:3      | Found a shadowy altar of Dithmenos.
  1873 | D:3      | Found a hide-covered altar of Uskayaw.
  2391 | D:4      | Found a faded altar of an unknown god.
  2391 | D:4      | Found a faded altar of an unknown god.
  2393 | D:4      | Found a hazy altar of Hepliaklqana.
  2487 | D:4      | Noticed Natasha
  2499 | D:4      | Killed Natasha
  2524 | D:4      | Noticed Natasha
  2535 | D:4      | Killed Natasha
  2536 | D:4      | Reached skill level 1 in Invocations
  2536 | D:4      | Reached XP level 6. HP: 57/61 MP: 5/5
  2914 | D:5      | Entered Level 5 of the Dungeon
  2919 | D:5      | Found a staircase to the Ecumenical Temple.
  2967 | D:5      | Reached *** piety under Cheibriados
  2970 | D:5      | Noticed a sky beast
  2982 | D:5      | Killed a sky beast
  2983 | D:5      | Reached skill level 2 in Invocations
  3041 | D:5      | Found a runed translucent door.
  3113 | D:5      | Reached XP level 7. HP: 67/67 MP: 7/7
  3120 | D:5      | Found a sand-covered staircase.
  3127 | Ossuary  | Entered an ossuary
  3268 | Ossuary  | Reached skill level 3 in Invocations
  3274 | Ossuary  | Reached **** piety under Cheibriados
  3479 | D:5      | Reached XP level 8. HP: 76/78 MP: 9/9
  3588 | D:5      | Found an iron altar of Okawaru.
  3869 | D:5      | Noticed cbfl8's ghost (weakling MiDe)
  3896 | D:5      | Killed cbfl8's ghost
  4094 | D:6      | Reached skill level 4 in Invocations
  4357 | D:6      | Reached skill level 5 in Unarmed Combat
  5024 | D:7      | Reached XP level 9. HP: 75/85 MP: 11/11
  5044 | D:7      | Reached skill level 5 in Invocations
  5358 | D:7      | Reached ***** piety under Cheibriados
  5490 | D:7      | Found an ancient bone altar of Kikubaaqudgha.
  5940 | D:8      | Reached skill level 5 in Shields
  5999 | D:8      | Found a sacrificial altar of Ru.
  6034 | D:8      | Noticed a two-headed ogre
  6040 | D:8      | Killed a two-headed ogre
  6041 | D:8      | Reached skill level 5 in Fighting
  6041 | D:8      | Reached skill level 5 in Dodging
  6041 | D:8      | Reached skill level 6 in Invocations
  6088 | D:8      | Found a sparkling altar of Nemelex Xobeh.
  6253 | D:8      | Reached XP level 10. HP: 96/96 MP: 13/13
  6388 | D:9      | Found a stormy altar of Qazlal.
  6469 | D:9      | Reached skill level 1 in Evocations
  6745 | D:9      | Found a blossoming altar of Fedhas.
  7338 | D:10     | Entered Level 10 of the Dungeon
  7386 | D:10     | Reached skill level 7 in Invocations
  7708 | D:10     | Reached skill level 5 in Armour
  8169 | D:11     | Reached XP level 11. HP: 88/105 MP: 15/15
  8222 | D:11     | Found a staircase to the Lair.
  8279 | D:11     | Noticed a red ugly thing
  8285 | D:11     | Reached skill level 8 in Invocations
  8288 | D:11     | HP: 8/105 [red ugly thing (11)]
  8289 | D:11     | Slain by a red ugly thing

Illustrated notes

Levels and vault maps discovered:
D:1:      elethiomel_arrival_shortcut, layout_rooms, serial_forest,
          infiniplex_forest_clump_cross, infiniplex_forest_lined_3,
          infiniplex_forest_clump_small, infiniplex_forest_clump_diagonal,
          infiniplex_forest_lined_1, hex_tiny
D:2:      layout_loops_corners, chequers_ecumenical_altar_simple_redux,
          kennysheep_big_empty_room, uniq_crazy_yiuf_cottage
D:3:      layout_loops_ring, mainiacjoe_overflow_alcove_4,
          nicolae_uskayaw_dance_hall
D:4:      layout_basic, nicolae_hepliaklqana_ecumenical_no_more, serial_curves,
          eino_curves_04, eino_curves_03, chequers_serial_rivers_micro_c,
          uniq_natasha
D:5:      layout_basic, overflow_temple_1_default,
          minmay_temple_entry_butterflies, serial_corexii_hall,
          chequers_hall_statues_corner_a, chequers_hall_statues_y,
          ebering_ghost_sewer_d, enter_ossuary_1, bh_walls_and_bars
D:6:      layout_loops_corners
D:7:      layout_gridville, mainiacjoe_overflow_alcove_2
D:8:      layout_rooms, mainiacjoe_overflow_catch_the_wave
D:9:      layout_gridville, overflow_temple_1_default,
          nicolae_qazlal_general_emergency, special_room [special_room_orc]
D:10:     layout_irregular_city
D:11:     minmay_coctagon, layout_cave_pods, minmay_lair_entry_grove,
          nicolae_trove_entry_columns

Skill      XL: |  1  2  3  4  5  6  7  8  9 10 11 |
---------------+----------------------------------+-----
Armour         | 1 2 3 4 5 |  5.2
Unarmed Combat | 3 4 5 6 7 |  7.1
Shields        | 3 4 5 6 |  6.1
Fighting       | 3 4 5 6 |  6.0
Dodging        | 3 4 5 |  5.0
Invocations    | 1 2 3 4 6 7 8 |  8.0
Evocations     | 2 |  2.5

Action                   |  1- 3 |  4- 6 |  7- 9 | 10-12 || total
-------------------------+-------+-------+-------+-------++-------
Melee: Unarmed           |   117 |   144 |   279 |   192 ||   732
Throw: Dart              |       |     3 |     6 |     3 ||    12
Invok: Slouch            |       |       |       |     3 ||     3
Evoke: Wand              |       |       |       |     1 ||     1
 Stab: Distracted        |       |       |     1 |       ||     1
Armor: Robe              |    45 |    28 |    54 |    33 ||   160
Dodge: Dodged            |    57 |    29 |   140 |    86 ||   312
Block: Kite shield       |    44 |    52 |   159 |   140 ||   395
